Map: [ESL] Hardwire

Players

Zest

  • Race: Protoss Protoss

HeroMarine - Winner!

  • Race: Terran Terran

Event: IEM Katowice 2022

VOD

Have the link to the VOD?

Description

Time

  • Played on: Feb. 25, 2022, 6:20 a.m.
  • Length: 10:36

All games in this series

Show
View Real Time Build Order
Export as new Build Order

Zest Protoss 

Build Orders: Oracle Opening 

Get SALT Encoding   

  12  0:08  Pylon  
  12  0:12  Probe  
  13  0:26  Gateway  
  13  0:29  Probe (Chrono Boost)  
  14  0:39  Probe (Chrono Boost)  
  14  0:40  Assimilator  
  15  0:44  Probe (Chrono Boost)  
  16  0:55  Probe  
  17  0:57  Assimilator  
  17  1:07  Probe  
  18  1:13  Cybernetics Core  
  18  1:20  Probe  
  19  1:32  Probe  
  20  1:33  Pylon  
  20  1:44  Probe  
  21  1:49  Stalker  
  23  1:56  Probe  
  24  2:02  Warp Gate  
  24  2:08  Probe  
  25  2:11  Stargate  
  25  2:37  Nexus  
  25  2:40  Probe  
  25  2:43  Sentry (Chrono Boost)  
  28  2:54  Oracle (Chrono Boost)  
  31  2:59  Pylon  
  31  3:18  Probe  
  32  3:28  Oracle (Chrono Boost), Gateway  
  32  3:30  Probe  
  36  3:39  Gateway  
  36  3:42  Probe  
  37  3:50  Probe  
  37  3:54  Probe  
  39  3:57  Stalker  
  39  4:02  Probe  
  42  4:06  Probe  
  47  4:13  Twilight Council  
  47  4:14  Probe  
  44  4:18  Pylon, Probe  
  45  4:26  Probe  
  45  4:27  Void Ray (Chrono Boost)  
  45  4:30  Probe  
  51  4:40  Zealot x3  
  51  4:43  Shield Battery  
  54  4:51  Shield Battery  
  54  4:54  Void Ray (Chrono Boost)  
  53  5:05  Pylon  
  54  5:16  Shield Battery  
  54  5:23  Stalker x2  
  54  5:24  Stalker  
  60  5:34  Void Ray  
  54  5:43  Pylon  
  54  5:45  Pylon  
  54  6:05  Stalker x3  
  54  6:09  Shield Battery  
  60  6:17  Pylon  
  58  6:35  Stalker  
  58  6:36  Stalker  
  58  6:47  Void Ray  
  54  6:59  Adept x2  
  56  7:05  Gateway  
  56  7:06  Gateway  
  56  7:29  Oracle (Chrono Boost)  
  54  7:30  Stalker  
  59  7:38  Stalker  
  53  8:01  Zealot x4  
  53  8:05  Oracle (Chrono Boost)  
  64  8:39  Void Ray (Chrono Boost)  
  64  8:48  Zealot  
  70  8:51  Pylon  
  67  9:13  Void Ray (Chrono Boost)  
  71  9:42  Stalker x2  
  71  9:43  Stalker  
  57  10:20  Zealot x4  
Show
View Real Time Build Order
Export as new Build Order

HeroMarine Terran - Winner!

Build Orders: Cyclone Opening 

Get SALT Encoding   

  12  0:00  SCV  
  13  0:12  SCV  
  14  0:17  Supply Depot  
  14  0:24  SCV  
  15  0:38  SCV  
  15  0:40  Barracks  
  16  0:44  Refinery  
  16  0:50  SCV  
  16  0:54  Refinery  
  17  1:03  SCV  
  18  1:15  SCV  
  19  1:27  Reaper  
  19  1:28  Orbital Command  
  20  1:37  Supply Depot  
  20  1:45  Factory  
  20  1:53  SCV  
  21  2:06  SCV, Barracks  
  22  2:18  SCV  
  23  2:25  Barracks Reactor  
  23  2:28  Factory Tech Lab  
  23  2:30  SCV  
  23  2:35  Supply Depot  
  24  2:42  SCV  
  25  2:45  Starport  
  25  2:46  Cyclone  
  28  2:54  Marine  
  28  2:55  SCV  
  30  3:02  Marine x2  
  32  3:12  Marine  
  34  3:13  Supply Depot  
  34  3:18  Siege Tank  
  34  3:19  Marine  
  36  3:20  Marine  
  38  3:30  Marine  
  39  3:34  Supply Depot  
  39  3:35  Medivac  
  39  3:37  Marine  
  39  3:38  Marine  
  43  3:48  Marine  
  44  3:50  Siege Tank  
  47  3:55  Marine  
  47  3:56  Marine  
  47  4:02  Supply Depot  
  49  4:05  Marine  
  49  4:09  Viking  
  52  4:13  Marine  
  52  4:15  Marine  
  54  4:23  Marine  
  55  4:28  Cyclone  
  57  4:31  Marine  
  57  4:37  Marine  
  51  4:47  Viking  
  51  4:49  Marine  
  52  4:59  Marine  
  54  5:06  Cyclone  
  56  5:25  Marine x2  
  52  5:30  Marine  
  46  5:42  Siege Tank  
  49  5:47  Marine  
  50  5:52  Marine  
  52  5:58  Medivac  
  54  6:07  Marine  
  55  6:13  Marine  
  55  6:20  Siege Tank  
  55  6:24  Marine  
  59  6:29  Marine  
  51  6:43  Viking  
  45  6:52  Marine  
  41  6:57  Marine x2  
  41  7:10  Siege Tank  
  41  7:11  Marine  
  41  7:14  Marine  
  46  7:18  Marine  
  47  7:28  Viking  
  47  7:29  Marine  
  48  7:37  Marine  
  48  7:38  Marine  
  47  7:46  Marine  
  47  7:49  Siege Tank  
  46  7:55  Marine x2  
  46  7:56  SCV  
  49  8:04  Medivac  
  51  8:08  SCV  
  51  8:11  Marine  
  53  8:21  Marine x2  
  55  8:29  Siege Tank  
  56  8:46  Marine x2  
  57  8:59  Viking  
  59  9:03  Marine  
  60  9:10  Marine  
  57  9:31  Marine  
  49  9:45  Marine  
  48  10:03  Marine  
  46  10:13  Marine  

Tags
 
Add a new tag
Caveats
  • Supply blocks, unpowered buildings, or Contaminate may cause inaccurate times.
  • Supply counts are checked every 10 seconds.